 Dungeon Crawl Stone Soup version 0.30-b1-2-g02819fbbbe (webtiles) character file.

Game seed: 10069784441767393059

44 Mesmaeker13 the Sneak (level 3, -1/28 HPs)
             Began as a Naga Enchanter on July 15, 2023.
             Slain by a worm (7 damage)
             ... on level 2 of the Dungeon.
             The game lasted 00:02:23 (1126 turns).

Mesmaeker13 the Sneak (Naga Enchanter)              Turns: 1126, Time: 00:02:24

Health: -1/28      AC:  2    Str: 10    XL:     3   Next: 62%
Magic:  6/6        EV: 10    Int: 15    God:
Gold:   57         SH:  0    Dex: 13    Spells: 3/6 levels left

rFire   . . .        d - +2 long sword (protect)
rCold   . . .        (no shield)
rNeg    . . .        b - +0 robe
rPois   +            (no helmet)
rElec   .            (no cloak)
rCorr   .            (no gloves)
SInv    +            (no barding)
Will    .....        (no amulet)
Stlth   +++          (no ring)
HPRegen 0.24/turn    (no ring)
MPRegen 0.10/turn

%: no passive effects
@: very slow
A: AC +1, large, see invisible, deformed body, poison resistance, slowness 2,
spit poison 1, naga tail 1
a: Spit Poison


You were on level 2 of the Dungeon.
You visited 1 branch of the dungeon, and saw 3 of its levels.

You collected 57 gold pieces.

Inventory:

Hand Weapons
 a - a +1 dagger
 d - a +2 long sword of protection (weapon)
 h - a +0 dagger of draining
Armour
 b - a +0 robe (worn)
Scrolls
 e - 2 scrolls of teleportation {unknown}
 g - a scroll of fog {unknown}
 j - a scroll of fear {unknown}
 k - a scroll of poison {unknown}
 l - a scroll of identify {unknown}
Potions
 c - 2 potions of invisibility
 f - a potion of curing {unknown}
 i - a potion of magic {unknown}
 m - a potion of mutation {unknown}


   Skills:
 + Level 1.8 Short Blades
 + Level 2.1 Dodging
 + Level 5.1 Stealth
 - Level 2.0 Spellcasting
 + Level 3.4 Hexes


You had 3 spell levels left.
You knew the following spells:

 Your Spells              Type           Power      Damage    Failure   Level
a - Confusing Touch       Hex            11%        N/A       17%         3

Your spell library contained the following spells:

 Spells                   Type           Power      Damage    Failure   Level
 Ensorcelled Hibernation  Hex/Ice        12%        N/A       17%         2
 Tukima's Dance           Hex            11%        N/A       17%         3
 Dazzling Flash           Conj/Hex       12%        N/A       32%         3
 Summon Guardian Golem    Hex/Summ       6%         N/A       32%         3
 Orb of Destruction       Conj           0%         9d5       100%        7
 Spellforged Servitor     Conj/Summ      0%         N/A       100%        7


Dungeon Overview and Level Annotations

Branches:
Dungeon (3/15)

Altars:


Innate Abilities, Weirdness & Mutations

Your serpentine skin is tough. (AC +1)
You have supernaturally acute eyesight. (SInv)
Armour fits poorly on your strangely shaped body.
Your system is resistant to poisons. (rPois)
You cover ground very slowly.
You can spit poison.
You have a snake-like lower body.


Message History

The frilled lizard bites you.
You hit the frilled lizard but do no damage.
The frilled lizard is heavily wounded.
The frilled lizard bites you.
You barely miss the frilled lizard.
The frilled lizard is heavily wounded.
The frilled lizard barely misses you.
You hit the frilled lizard.
You kill the frilled lizard!
No target in view!
You see here a frilled lizard corpse.
Okay, then.
The adder hisses angrily.
The adder closely misses you. The adder attacks as you move away!
The adder barely misses you. The adder closely misses you.
The adder attacks as you move away! The adder bites you.
The adder bites you but does no damage. The adder attacks as you move away!
The adder bites you. The adder closely misses you.
You see here a frilled lizard corpse.
The adder bites you.
Your +2 long sword of protection hums with potential!
d - a +2 long sword of protection (weapon)
The adder bites you.
You slash the adder!
Your weapon exudes an aura of protection.
The adder is almost dead.
The adder bites you. x2
You barely miss the adder.
The adder is almost dead.
The adder bites you.
You hit the adder.
You kill the adder!
Things that are here:
an adder corpse; a frilled lizard corpse You barely miss the worm.
The worm bites you!
* * * LOW HITPOINT WARNING * * *
You barely miss the worm. The worm bites you!
You die...

############
...........#
...........#
...........#
...........#
...........#######
.....).....†.w@.>#
...........#####.#
w..........# #.#
...........# #.#
...".......# #.#
...........# #.#
..........# #.#
....<##### #.#
...#


You could see a worm.

Vanquished Creatures
  An adder (D:2)
  2 dart slugs (D:1)
  4 ball pythons (D:1)
  An endoplasm (D:1)
  3 goblins
  3 hobgoblins
  2 quokkas (D:1)
  5 bats
  4 frilled lizards
  4 kobolds
  2 rats (D:1)
31 creatures vanquished.

Notes
Turn   | Place    | Note
-------+----------+-------------------------------------------
     0 | D:1      | Mesmaeker13 the Naga Enchanter began the quest for the Orb.
     0 | D:1      | Reached XP level 1. HP: 15/15 MP: 3/3
    49 | D:1      | Reached XP level 2. HP: 19/22 MP: 5/5
   489 | D:1      | Reached XP level 3. HP: 28/28 MP: 6/6
   751 | D:1      | Reached skill level 5 in Stealth
   955 | D:2      | Learned a level 3 spell: Confusing Touch
   972 | D:2      | You fall into a shaft and drop 1 floor!
  1126 | D:2      | Slain by a worm

Illustrated notes

Levels and vault maps discovered:
D:1:      evilmike_arrival_hilbert_curve, layout_loops_ring
D:2:      layout_basic, ebering_ecumenical_altar_rust, basic_altar,
          chequers_garden
D:3:      layout_basic

Skill      XL: |  1  2  3 |
---------------+----------+-----
Dodging        | 2 |  2.1
Stealth        | 5 |  5.1
Short Blades   | |  1.8
Spellcasting   | |  2.0
Hexes          | |  3.4

Action                     || total
---------------------------++-------
  Melee: Dagger            ||    59
         Punch             ||     1
         Long sword        ||    19
   Stab: Sleeping          ||    11
 Armour: Robe              ||    23
  Dodge: Dodged            ||    34
